 Dungeon Crawl Stone Soup version 0.28.0-45-g0d030f2227 (webtiles) character file.

Game seed: 590825282971894253

77 zeratav the Insei (level 4, -1/29 HPs)
             Began as an Octopode Transmuter on Apr 8, 2022.
             Slain by a gnoll
             ... wielding a +0 flail
              (11 damage)
             ... on level 3 of the Dungeon.
             The game lasted 00:03:29 (2834 turns).

zeratav the Insei (Octopode Transmuter)             Turns: 2834, Time: 00:03:30

Health: -1/29      AC:  1    Str:  9    XL:     4   Next: 33%
Magic:  6/7        EV: 13    Int: 21    God:
Gold:   94         SH:  0    Dex: 14    Spells: 6/7 levels left

rFire   . . .      SeeInvis .     - Unarmed
rCold   . . .      Faith    .   (no shield)
rNeg    . . .      Spirit   .   (helmet currently unavailable)
rPois   .          Reflect  .   (no amulet)
rElec   .          Harm     .   f - +6 ring of intelligence
rCorr   .          Rampage  .   (no ring)
Will    .....                   (no ring)
Stlth   +++.......              (no ring)
HPRegen 0.09/turn               (no ring)
MPRegen 0.10/turn               (no ring)
                                (no ring)
                                (no ring)

@: appendages
A: tentacle spike 3, almost no armour, amphibious, 8 rings, camouflage 1,
gelatinous body 1, (nimble swimmer 1), tentacles
a: End Transformation


You were on level 3 of the Dungeon.
One of your tentacles had grown a beastly spike.
You visited 1 branch of the dungeon, and saw 3 of its levels.

You collected 94 gold pieces.


Innate Abilities, Weirdness & Mutations

One of your tentacles has grown a beastly spike.
You cannot wear most types of armour.
You are amphibious.
You can wear up to eight rings at the same time.
Your skin changes colour to match your surroundings (Stealth+).
Your rubbery body absorbs attacks. (AC +1, EV +1)
((You are camouflaged when in or above water. (Stealth+)))
You have tentacles for arms and can constrict up to eight enemies at once.


   Skills:
 + Level 2.0 Fighting
 + Level 2.6 Dodging
 + Level 2.2 Stealth
 * Level 3.9 Unarmed Combat
 - Level 2.0 Spellcasting
 - Level 2.0 Transmutations


You had 6 spell levels left.
You knew the following spells:

 Your Spells              Type           Power      Damage    Failure   Level
a - Beastly Appendage     Tmut           20%        N/A       6%          1

Your spell library contained the following spells:

 Spells                   Type           Power      Damage    Failure   Level
 Wereblood                Tmut           10%        N/A       10%         2
 Sublimation of Blood     Necr           2%         N/A       22%         2
 Spider Form              Tmut/Pois      6%         N/A       28%         3
 Ice Form                 Ice/Tmut       6%         N/A       67%         4
 Summon Hydra             Summ           1%         N/A       100%        7

Inventory:

Jewellery
 f - a +6 ring of intelligence (left tentacle)
   (You found it on level 1 of the Dungeon)
Scrolls
 a - a scroll of vulnerability {unknown}
 b - 4 scrolls of enchant weapon {unknown}
 d - 2 scrolls of enchant armour {unknown}
 e - a scroll of magic mapping {unknown}
 i - 2 scrolls of blinking {unknown}
 j - 2 scrolls of identify {unknown}
Potions
 c - a potion of cancellation {unknown}
 g - a potion of heal wounds {unknown}
 h - a potion of mutation {unknown}

Dungeon Overview and Level Annotations

Branches:
Dungeon (3/15)

Altars:
Okawaru

Annotations:
D:3 2 transporters

#####.# . .....(
..## #....#
..##....# ....
.......## ....
#...... # ....
#..g# # .. #..
#.@g# ##.# #..#
#.### ...#
#...#####$# .#
#.......).#
#####...##..#####
#.... ##.## ..#
.# #..# #### ..#
##.## ...# ..#
#..##


You could see 2 gnolls.


Message History

You kill the bat!
No target in view!
No target in view!
No target in view!
No target in view!
No target in view!
No target in view!
No target in view!
No target in view!
No target in view!
No target in view!
No target in view!
No target in view!
No target in view!
No target in view!
j - 2 scrolls labelled LOCASI IXES (gained 1)
Your tentacle spike disappears.
You now have 94 gold pieces (gained 12).
A frilled lizard comes into view.
MP[+1]
Your mp is fully restored (7).
A frilled lizard is nearby!
One of your tentacles grows a vicious spike.
MP[-1]
You lost 1 mp, and now have 6/7 mp.
Your transformation is almost over.
The frilled lizard hisses angrily.
You barely miss the frilled lizard. Your grab misses the frilled lizard.
The frilled lizard bites you.
HP[-2]
You take 2 damage, and now have 27/29 hp.
You tentacle-slap the frilled lizard.
You kill the frilled lizard!
No target in view!
No target in view!
No target in view!
No target in view!
No target in view!
No target in view!
No target in view!
No target in view!
No target in view!
No target in view!
No target in view!
No target in view!
No target in view!
Your tentacle spike disappears. 2 gnolls come into view.
HP[+2] MP[+1]
Your hp is fully restored (29).
Your mp is fully restored (7).
One of your tentacles grows a vicious spike.
MP[-1]
You lost 1 mp, and now have 6/7 mp.
The gnoll hits you with a +0 spear.
HP[-4]
You take 4 damage, and now have 25/29 hp.
You barely miss the gnoll. You grab the gnoll.
Your tentacle spike misses the gnoll.
You squeeze the gnoll. You constrict the gnoll. The gnoll barely misses you.
You tentacle-slap the gnoll but do no damage.
You constrict the gnoll. The gnoll hits you with a +0 spear.
HP[-2]
You take 2 damage, and now have 23/29 hp.
You tentacle-slap the gnoll. You constrict the gnoll.
You kill the gnoll!
Your Fighting skill increases to level 2!
You see here a +0 spear {polearm}.
MP[+1]
Your mp is fully restored (7).
You start resting.
Your transformation is almost over.
Your tentacle spike disappears.
HP[+6]
Your hp is fully restored (29).
One of your tentacles grows a vicious spike.
MP[-1]
You lost 1 mp, and now have 6/7 mp.
You see here a +0 spear {polearm}.
You see here 12 gold pieces.
A gnoll comes into view. It is wielding a +0 flail.
The helpless gnoll fails to defend itself.
You tentacle-slap the gnoll. Your grab misses the gnoll.
The gnoll hits you with a +0 flail!
The gnoll shouts!
HP[-9]
You take 9 damage, and now have 20/29 hp.
MASSIVE DAMAGE!! (PAUSE)
You tentacle-slap the gnoll but do no damage.
You grab the gnoll.
You pierce the gnoll, but do no damage.
You tentacle-slap the gnoll. You constrict the gnoll.
The gnoll barely misses you. The gnoll hits you with a +0 whip!
* * * LOW HITPOINT WARNING * * *
HP[-10]
You take 10 damage, and now have 10/29 hp.
MASSIVE DAMAGE!! (PAUSE)
You tentacle-slap the gnoll but do no damage.
Your grab misses the gnoll.
Your tentacle spike misses the gnoll.
You constrict the gnoll, but do no damage.
The gnoll hits you with a +0 flail!
You die...

Skill      XL: |  1  2  3  4 |
---------------+-------------+-----
Stealth        | 1 2 |  2.2
Fighting       | 2 |  2.0
Dodging        | |  2.6
Unarmed Combat | |  3.9
Spellcasting   | |  2.0
Transmutations | |  2.0

Action                   |  1- 3 |  4- 6 || total
-------------------------+-------+-------++-------
Melee: Unarmed           |    76 |    26 ||   102
       Constrict         |    22 |     7 ||    29
       Kick              |    18 |     2 ||    20
       Punch             |     3 |     1 ||     4
       Tentacles         |    12 |     6 ||    18
 Cast: Beastly Appendage |    28 |     6 ||    34
 Stab: Sleeping          |     8 |     2 ||    10
Armor: Skin              |    10 |     1 ||    11
Dodge: Dodged            |    46 |    15 ||    61

Levels and vault maps discovered:
D:1:      tarquinn_simple_flora_water_d, layout_loops_corners
D:2:      layout_basic, hellmonk_ecumenical_altar_run_dry, minivault_25,
          roderic_lattice_a
D:3:      gammafunk_wand_slinger, layout_rooms, nicolae_vehumet_altar_sigil,
          okawaru_metal_pillars_3, minmay_cupped, uniq_robin

Notes
Turn   | Place    | Note
-------+----------+-------------------------------------------
     0 | D:1      | zeratav the Octopode Transmuter began the quest for the
                  | Orb.
     0 | D:1      | Reached XP level 1. HP: 13/13 MP: 3/3
     0 | D:1      | magus.rc [v1.9.6]
   285 | D:1      | Reached XP level 2. HP: 18/18 MP: 3/5
   411 | D:1      | Reached skill level 1 in Stealth
   476 | D:1      | You pick up a book of Blood and begin reading...
   476 | D:1      | You add the spells Sublimation of Blood and Summon Hydra to
                  | your library.
  1499 | D:2      | Reached XP level 3. HP: 23/23 MP: 4/6
  1808 | D:2      | Found a faded altar of an unknown god.
  2225 | D:2      | Reached XP level 4. HP: 29/29 MP: 5/7
  2261 | D:2      | Reached skill level 2 in Stealth
  2403 | D:3      | Found a transporter.
  2501 | D:3      | Found a transporter.
  2661 | D:3      | Found an iron altar of Okawaru.
  2762 | D:3      | Reached skill level 2 in Fighting
  2834 | D:3      | Slain by a gnoll

Vanquished Creatures
  2 adders (D:2)
  A gnoll (D:3)
  A dart slug (D:2)
  7 bats
  6 endoplasms
  A giant cockroach (D:1)
  2 goblins (D:1)
  2 hobgoblins
  6 jackals
  6 kobolds
  2 quokkas (D:1)
  3 ball pythons
  3 frilled lizards
  4 rats
46 creatures vanquished.

Table legend:
 A = Non-vault XP
 B = Vault XP
 C = Vault XP percentage of total XP
 D = Non-vault monster count
 E = Vault monster count
 F = Vault count percentage of total count
                 A         B        C        D         E       F
            +---------+---------+-------+---------+---------+-------
      Total |     110 |       0 |   0.0 |      46 |       0 |   0.0
            +---------+---------+-------+---------+---------+-------
        D:1 |      32 |       0 |   0.0 |      19 |       0 |   0.0
        D:2 |      56 |       0 |   0.0 |      19 |       0 |   0.0
        D:3 |      22 |       0 |   0.0 |       8 |       0 |   0.0
            +---------+---------+-------+---------+---------+-------

Illustrated notes

Table legend:
 A = Kills in this place as a percentage of kills in entire the game.
 B = Kills by you in this place as a percentage of kills by you in the entire game.
 C = Kills by friends in this place as a percentage of kills by friends in the entire game.
 D = Other kills in this place as a percentage of other kills in the entire game.
 E = Experience gained in this place as a percentage of experience gained in the entire game.
 F = Experience gained in this place divided by the number of levels of this place that you have seen.
                   A       B       C       D       E      F
               +-------+-------+-------+-------+-------+----------------------
         Total | 100.0 | 100.0 |   N/A |   N/A | 100.0 |  36.7
       Dungeon | 100.0 | 100.0 |   N/A |   N/A | 100.0 |  36.7
               +-------+-------+-------+-------+-------+----------------------

Table legend: (Time is in decaauts)
 A = Elapsed time spent in this place.
 B = Non-inter-level travel time spent in this place.
 C = Inter-level travel time spent in this place.
 D = Time resting spent in this place.
 E = Time spent auto-exploring this place.
 F = Levels seen in this place.
 G = Mean time per level.
                   A        B        C        D        E       F      G
               +--------+--------+--------+--------+--------+-----+--------+
         Total |   2826 |   2805 |     21 |    202 |   2272 |   3 |  942.0 |
       Dungeon |   2826 |   2805 |     21 |    202 |   2272 |   3 |  942.0 |
               +--------+--------+--------+--------+--------+-----+--------+

Top non-repeatable levels by time:
     D:1: 1459 daAuts
     D:2: 938 daAuts
     D:3: 429 daAuts
